Map: Year Zero LE

Players

DIMAGA

  • Race: Zerg Zerg
  • Spawn Location: 1:00

HellraiseR - Winner!

  • Race: Protoss Protoss
  • Spawn Location: 11:00

Event: 2019 WCS Spring

VOD

Have the link to the VOD?

Description

Time

  • Played on: May 17, 2019, 12:13 p.m.
  • Length: 4:47

All games in this series

Show
View Real Time Build Order
Export as new Build Order

DIMAGA Zerg 

Build Orders: Hatch First 

Get SALT Encoding   

  12  0:00  Drone  
  13  0:13  Overlord  
  13  0:18  Drone  
  14  0:31  Drone x2  
  14  0:35  Drone  
  17  0:52  Hatchery  
  17  0:55  Drone  
  17  0:59  Drone  
  18  1:09  Extractor  
  17  1:16  Spawning Pool  
  17  1:18  Drone  
  17  1:21  Drone  
  18  1:28  Drone  
  19  1:44  Overlord  
  19  2:09  Roach Warren  
  19  2:13  Spine Crawler  
  17  2:19  Overlord  
  17  2:25  Zergling x6  
  17  2:26  Zergling x4  
  22  2:52  Roach x4  
  30  2:58  Roach  
  30  3:03  Drone  
  33  3:16  Roach  
  33  3:21  Drone  
  28  3:28  Drone x3  
  28  3:32  Roach  
  27  3:44  Roach  
  27  3:45  Roach  
  31  3:52  Roach  
  26  4:08  Drone  
  23  4:16  Ravager  
  24  4:20  Drone  
  24  4:23  Drone  
  27  4:24  Drone  
  25  4:32  Drone  
Show
View Real Time Build Order
Export as new Build Order

HellraiseR Protoss - Winner!

Build Orders:  

Get SALT Encoding   

  12  0:00  Probe  
  13  0:12  Probe  
  14  0:20  Pylon  
  14  0:23  Probe  
  15  0:33  Probe  
  15  0:38  Gateway  
  15  0:42  Probe  
  16  0:47  Assimilator  
  17  0:54  Probe  
  18  1:07  Probe  
  19  1:19  Forge  
  19  1:21  Probe  
  20  1:29  Pylon  
  20  1:30  Pylon  
  20  1:34  Cybernetics Core  
  20  1:50  Probe  
  20  1:53  Photon Cannon  
  20  1:54  Pylon  
  21  1:57  Photon Cannon  
  21  2:07  Photon Cannon  
  21  2:11  Adept  
  21  2:12  Photon Cannon  
  21  2:14  Shield Battery  
  21  2:19  Photon Cannon  
  23  2:29  Shield Battery  
  23  2:31  Probe, Adept  
  24  2:43  Probe  
  27  2:58  Stargate  
  27  3:00  Probe  
  28  3:21  Probe  
  29  3:29  Nexus  
  29  3:33  Probe  
  30  3:44  Pylon  
  30  3:45  Probe  
  31  3:55  Void Ray  
  31  4:00  Probe  
  32  4:11  Assimilator  
  32  4:12  Probe  
  33  4:21  Probe  
  33  4:30  Probe, Pylon  
Tags
 
Add a new tag
Caveats
  • Supply blocks, unpowered buildings, or Contaminate may cause inaccurate times.
  • Supply counts are checked every 10 seconds.